 Dungeon Crawl Stone Soup version 0.29-a0-359-g541a27f54d (webtiles) character file.

Game seed: 12938565391391881704

326 spiderkeys the Skirmisher (level 6, -3/53 HPs)
             Began as a Ghoul Abyssal Knight on Apr 28, 2022.
             Was a Priest of Lugonu.
             Slain by a wight
             ... wielding a +2 great sword
              (11 damage)
             ... on level 4 of the Dungeon.
             The game lasted 00:03:02 (2692 turns).

spiderkeys the Skirmisher (Ghoul Abyssal Knight)    Turns: 2692, Time: 00:03:03

Health: -3/53      AC:  9    Str: 19    XL:     6   Next: 49%
Magic:  7/7        EV:  7    Int:  5    God:    Lugonu [***...]
Gold:   240        SH:  0    Dex:  9    Spells: 5/5 levels left

rFire   . . .      SeeInvis .   a - +1 hand axe
rCold   + . .      Faith    .   (no shield)
rNeg    + + +      Spirit   .   m - +0 chain mail
rPois   ∞          Reflect  .   (no helmet)
rElec   .          Harm     .   (no cloak)
rCorr   .          Rampage  .   (no gloves)
Will    .....                   (no boots)
Stlth   ..........              (no amulet)
HPRegen 0.00/turn               (no ring)
MPRegen 0.10/turn               (no ring)

@: inhibited regen
A: claws 1, cold resistance 1, negative energy resistance 3, inhibited
regeneration, torment resistance 2, devour on kill
a: Renounce Religion, Depart the Abyss, Bend Space, Banish


You were on level 4 of the Dungeon.
You worshipped Lugonu.
Lugonu was most pleased with you.
You visited 1 branch of the dungeon, and saw 4 of its levels.
You visited the Abyss 1 time.

You collected 240 gold pieces.


Innate Abilities, Weirdness & Mutations

You are immune to poison.
You have sharp fingernails.
Your flesh is cold resistant. (rC+)
You are immune to negative energy. (rN+++)
You do not regenerate when monsters are visible.
You are immune to unholy pain and torment.
You thrive by killing the living.


   Skills:
 + Level 4.7 Fighting
 + Level 3.3 Axes
 + Level 3.2 Armour
 - Level 1.0 Dodging
 + Level 3.9 Invocations


You had 5 spell levels left.
You didn't know any spells.
Your spell library was empty.

Inventory:

Hand Weapons
 a - a +1 hand axe (weapon)
Missiles
 e - 5 atropa-tipped darts
 f - 94 stones
 g - 5 silver boomerangs
 k - 2 poisoned darts
 r - 2 boomerangs
Armour
 b - a +0 leather armour
 m - a +0 chain mail (worn)
   (You found it on level 2 of the Dungeon)
 n - a +0 ring mail
   (You found it on level 2 of the Dungeon)
 o - a +0 chain mail
   (You found it on level 3 of the Dungeon)
Jewellery
 O - a +4 ring of protection
   (You found it on level 3 of the Dungeon)
Scrolls
 c - 2 scrolls of noise {!r}
 p - a scroll of teleportation {@r4}
 q - a scroll of summoning
Potions
 h - 3 potions of curing {@q1}
 j - a potion of mutation
 l - 2 potions of attraction {!q}

Dungeon Overview and Level Annotations

Branches:
Dungeon (4/15)
 Temple: D:4-7

Altars:
The Shining One

#.##.## ##.......
#.#...####.....^..
#........+........
#.#...####........
#.##.## ##.......
#.#### ##.....#
#.# ##...## #.#
##'## #####@#####
######.###
#..zz.....#
#........#
#.###.###.#
#.####.#.# #.#
#.###....#
#.###.###.##>..).#
#................#
#####.###.##.#.#.#
#.........
######.###


You could see 2 wights.


Message History

Grinder blinks! x2
You can move again.
You hit Grinder.
You kill Grinder!
Lugonu accepts your kill.
Your Axes skill increases to level 3!
Your Armour skill increases to level 3!
You have reached level 5!
You feel stronger.
You have reached level 6! 😨 HP[+5] MP[+2]
You now have 53 max hp (+13).
You regained 5 hp, and now have 19/53 hp.
Your mp is fully restored (7).
Key pressed, stopping explore.
Key pressed, stopping explore.
Key pressed, stopping explore.
Found a stone staircase leading down. 😎 HP[+34]
Your hp is fully restored (53).
You now have 240 gold pieces (gained 13).
You open the door.
A hound comes into view.
The hound barks!
A hound is nearby!
A hound is nearby!
There is an open door here.
The hound bites you but does no damage.
You hit the hound but do no damage. The hound bites you but does no damage.
The hound bites you. 😕 HP[-2]
You take 2 damage, and now have 51/53 hp.
You hit the hound. The hound bites you but does no damage.
The hound barely misses you.
You slash the hound! The hound bites you but does no damage.
You miss the hound.
The hound stops to sniff the ground.
The hound bites you but does no damage. The hound barely misses you.
You barely miss the hound. The hound bites you.
The hound closely misses you. 😕 HP[-1]
You take 1 damage, and now have 50/53 hp.
You barely miss the hound. The hound bites you but does no damage.
The hound barely misses you.
You closely miss the hound. The hound barely misses you.
The hound bites you but does no damage.
You hit the hound but do no damage. The hound bites you. 😕 HP[-4]
You take 4 damage, and now have 46/53 hp.
You miss the hound. The hound closely misses you. x2
You barely miss the hound.
The hound bites you but does no damage. x2
You closely miss the hound. The hound completely misses you.
The hound bites you but does no damage.
You closely miss the hound. The hound bites you but does no damage.
You hit the hound.
The hound bites you but does no damage. x2
You barely miss the hound. Your claw misses the hound.
The hound bites you but does no damage. x2
You closely miss the hound. The hound barely misses you.
You hit the hound. The hound bites you. The hound barely misses you. 😕 HP[-4]
You take 4 damage, and now have 42/53 hp.
You hit the hound.
You kill the hound!
Lugonu accepts your kill. 😕 HP[+1] No target in view!
No target in view!
Key pressed, stopping explore.
There is a shaft here.
You open the door.
There is an open door here.
Key pressed, stopping explore.
Found a stone staircase leading down. 😎 HP[+10]
Your hp is fully restored (53).
Found a stone staircase leading up.
A wight comes into view. It is wielding a +2 great sword.
The wight closely misses you.
You barely miss the wight.
The wight hits you with a +2 great sword. 😕 HP[-6]
You take 6 damage, and now have 47/53 hp.
You slash the wight! The wight barely misses you.
You closely miss the wight.
The wight hits you with a +2 great sword! 😮 HP[-16]
You take 16 damage, and now have 31/53 hp.
MASSIVE DAMAGE!! (PAUSE)
You barely miss the wight. The wight barely misses you.
A wight comes into view. It is wielding a +0 halberd.
You barely miss the wight. The wight barely misses you.
You barely miss the wight.
The wight hits you with a +2 great sword!
* * * LOW HITPOINT WARNING * * *
The wight hits you from afar with a +0 halberd!
* * * LOW HITPOINT WARNING * * *
😱 HP[-23]
You take 23 damage, and now have 8/53 hp.
MASSIVE DAMAGE!! (PAUSE)
The wight attacks as you move away!
The wight hits you with a +2 great sword!
You die...

Skill      XL: |  1  2  3  4 |
---------------+-------------+-----
Dodging        | 1 |  1.0
Axes           | 2 3 |  3.3
Armour         | 2 3 |  3.2
Invocations    | 3 |  3.9
Fighting       | 4 |  4.7

Action                   |  1- 3 |  4- 6 || total
-------------------------+-------+-------++-------
Melee: Hand axe          |   117 |   106 ||   223
  Use: Scroll            |     1 |     6 ||     7
       Potion            |       |     1 ||     1
Armor: Leather armour    |    16 |       ||    16
       Chain mail        |    22 |    57 ||    79
Dodge: Dodged            |    55 |    45 ||   100

Levels and vault maps discovered:
D:1:      roderic_crop_circles_arrival_small, layout_rooms,
          shapermc_ecumenical_altar_notcrosses, dreamdust_wishing_well,
          minmay_shallow_snake_nest
D:2:      layout_loops_ring, basic_altar
D:3:      minmay_roachtagon, layout_basic, columned_hall_lemuel,
          palyth_stone_intersect
D:4:      layout_loops_corners, serial_glass, glass_columns_c, glass_columns_a,
          uniq_grinder, uniq_edmund

Notes
Turn   | Place    | Note
-------+----------+-------------------------------------------
     0 | Abyss:1  | spiderkeys the Ghoul Abyssal Knight began the quest for the
                  | Orb.
     0 | Abyss:1  | Reached XP level 1. HP: 19/19 MP: 1/1
     0 | Abyss:1  | magus.rc [v1.11.3]
    40 | Abyss:1  | Found a corrupted altar of Lugonu.
    48 | D:1      | You pass through the gate.
    48 | D:1      | Escaped the Abyss
    78 | D:1      | Reached skill level 1 in Dodging
   230 | D:1      | Reached XP level 2. HP: 26/26 MP: 2/2
   241 | D:1      | Reached skill level 2 in Axes
   241 | D:1      | Reached skill level 2 in Armour
   288 | D:1      | Found a faded altar of an unknown god.
   724 | D:2      | Reached XP level 3. HP: 32/33 MP: 3/3
   897 | D:2      | Reached *** piety under Lugonu
  1457 | D:3      | Reached XP level 4. HP: 17/40 MP: 5/5
  1640 | D:3      | Reached skill level 3 in Invocations
  1705 | D:3      | Reached skill level 4 in Fighting
  2067 | D:4      | Noticed Grinder
  2076 | D:4      | Paralysed by Grinder for 4 turns
  2277 | D:4      | Paralysed by Grinder for 3 turns
  2293 | D:4      | Paralysed by Grinder for 6 turns
  2308 | D:4      | Paralysed by Grinder for 5 turns
  2318 | D:4      | Paralysed by Grinder for 4 turns
  2324 | D:4      | Killed Grinder
  2325 | D:4      | Reached skill level 3 in Axes
  2325 | D:4      | Reached skill level 3 in Armour
  2325 | D:4      | Reached XP level 5. HP: 16/47 MP: 6/6
  2325 | D:4      | Reached XP level 6. HP: 19/53 MP: 7/7
  2690 | D:4      | HP: 8/53 [wight/+0 halberd (14)]
  2692 | D:4      | Slain by a wight

Vanquished Creatures
  Grinder (D:4)
  2 hounds
  2 adders
  2 worms
  A dart slug (D:1)
  8 ball pythons
  3 bats
  2 endoplasms
  10 giant cockroaches
  6 goblins
  4 hobgoblins
  2 frilled lizards
  3 kobolds (D:3)
  5 rats
51 creatures vanquished.

Vanquished Creatures (others)
  25 plants (D:1)
25 creatures vanquished.

Grand Total: 76 creatures vanquished

Table legend:
 A = Non-vault XP
 B = Vault XP
 C = Vault XP percentage of total XP
 D = Non-vault monster count
 E = Vault monster count
 F = Vault count percentage of total count
                 A         B        C        D         E       F
            +---------+---------+-------+---------+---------+-------
      Total |     177 |     289 |  62.0 |      41 |      10 |  19.6
            +---------+---------+-------+---------+---------+-------
        D:1 |      27 |       1 |   3.6 |      15 |       1 |   6.2
        D:2 |      31 |       0 |   0.0 |      11 |       0 |   0.0
        D:3 |      76 |      16 |  17.4 |      14 |       8 |  36.4
        D:4 |      43 |     272 |  86.3 |       1 |       1 |  50.0
            +---------+---------+-------+---------+---------+-------

Illustrated notes

Table legend:
 A = Kills in this place as a percentage of kills in entire the game.
 B = Kills by you in this place as a percentage of kills by you in the entire game.
 C = Kills by friends in this place as a percentage of kills by friends in the entire game.
 D = Other kills in this place as a percentage of other kills in the entire game.
 E = Experience gained in this place as a percentage of experience gained in the entire game.
 F = Experience gained in this place divided by the number of levels of this place that you have seen.
                   A       B       C       D       E      F
               +-------+-------+-------+-------+-------+----------------------
         Total | 100.0 | 100.0 |   N/A |   N/A | 100.0 |  93.2
       Dungeon | 100.0 | 100.0 |   N/A |   N/A | 100.0 | 116.5
               +-------+-------+-------+-------+-------+----------------------

Table legend: (Time is in decaauts)
 A = Elapsed time spent in this place.
 B = Non-inter-level travel time spent in this place.
 C = Inter-level travel time spent in this place.
 D = Time resting spent in this place.
 E = Time spent auto-exploring this place.
 F = Levels seen in this place.
 G = Mean time per level.
                   A        B        C        D        E       F      G
               +--------+--------+--------+--------+--------+-----+--------+
         Total |   2732 |   2693 |     39 |    185 |   2019 |   5 |  546.4 |
       Dungeon |   2684 |   2645 |     39 |    185 |   1979 |   4 |  671.0 |
         Abyss |     48 |     48 |      0 |      0 |     40 |   1 |   48.0 |
               +--------+--------+--------+--------+--------+-----+--------+

Top non-repeatable levels by time:
     D:3: 895 daAuts
     D:2: 699 daAuts
     D:1: 639 daAuts
     D:4: 450 daAuts
 Abyss:1: 48 daAuts
